 Dungeon Crawl Stone Soup version 0.30.0-29-ga12c61a403 (webtiles) character file.

Game seed: 1480218037423086438

2185 H0rd4k the Cudgeller (level 9, -5/66 HPs)
             Began as a Human Artificer on June 16, 2023.
             Slain by an ogre
             ... wielding a +0 giant club
              (18 damage)
             ... on level 6 of the Dungeon.
             The game lasted 00:10:22 (7677 turns).

H0rd4k the Cudgeller (Human Artificer)              Turns: 7677, Time: 00:10:22

Health: -5/66      AC:  8    Str: 14    XL:     9   Next: 59%
Magic:  15/15      EV: 12    Int: 21    God:
Gold:   454        SH:  0    Dex: 13    Spells: 16/16 levels left

rFire   + . .        c - +3 flail of Rucoc {pain, rElec rN+}
rCold   . . .        (no shield)
rNeg    + . .        w - +2 ring mail {rF+}
rPois   .            s - +0 helmet
rElec   +            (no cloak)
rCorr   .            (no gloves)
SInv    .            (no boots)
Will    .....        (no amulet)
Stlth   ++           p - +6 ring of intelligence
HPRegen 0.31/turn    (no ring)
MPRegen 0.14/turn

%: no passive effects
@: no status effects
A: no striking features
a: no special abilities


You were on level 6 of the Dungeon.
You visited 1 branch of the dungeon, and saw 6 of its levels.
You also visited: Sewer and Ossuary.

You collected 454 gold pieces.

Inventory:

Hand Weapons
 c - the +3 flail of Rucoc (weapon) {pain, rElec rN+}
   (You found it on level 5 of the Dungeon)

   rElec:     It insulates you from electricity.
   rN:        It protects you from negative energy.
 v - a +0 dagger of venom
 z - a +4 mace
Missiles
 y - 8 poisoned darts (quivered)
 J - 6 atropa-tipped darts
Armour
 s - a +0 helmet (worn)
 w - a +2 ring mail of fire resistance (worn)
Magical Staves
 m - a staff of cold
 r - a staff of air
 I - a staff of fire
Jewellery
 e - a ring of wizardry
 p - a +6 ring of intelligence (left hand)
Wands
 d - a wand of charming (6)
Scrolls
 a - 2 scrolls of blinking {unknown}
 b - a scroll of silence {unknown}
 h - 7 scrolls of identify {unknown}
 i - a scroll of amnesia {unknown}
 k - 2 scrolls of enchant armour {unknown}
 o - 2 scrolls of vulnerability {unknown}
 q - a scroll of magic mapping {unknown}
 x - 2 scrolls of teleportation {unknown}
 B - 2 scrolls of fog {unknown}
 C - 3 scrolls of poison {unknown}
 E - 3 scrolls of immolation {unknown}
 G - 2 scrolls of torment {unknown}
Potions
 f - 3 potions of lignification
 g - a potion of resistance {unknown}
 j - 6 potions of mutation
 l - 2 potions of magic
 n - a potion of berserk rage {unknown}
 t - a potion of heal wounds
 u - a potion of attraction {unknown}
 A - 3 potions of flight
 D - a potion of might {unknown}
 F - a potion of brilliance {unknown}
 H - 3 potions of curing {unknown}


   Skills:
 + Level 4.5 Fighting
 + Level 2.4 Short Blades
 + Level 7.2 Maces & Flails
 + Level 0.2 Throwing
 - Level 2.0 Armour
 + Level 4.3 Dodging
 + Level 3.6 Stealth
 * Level 4.1 Spellcasting
 + Level 4.2 Evocations


You had 16 spell levels left.
You didn't know any spells.
Your spell library contained the following spells:

 Spells                   Type           Power      Damage    Failure   Level
 Freeze                   Ice            16%        1d4       24%         1
 Kiss of Death            Conj/Necr      16%        2d6       24%         1
 Magic Dart               Conj           16%        1d3       24%         1
 Searing Ray              Conj           8%         2d4       34%         2
 Confusing Touch          Hex            4%         N/A       56%         3
 Frozen Ramparts          Ice            8%         1d2       56%         3
 Hailstorm                Conj/Ice       4%         3d4       56%         3
 Inner Flame              Hex/Fire       4%         N/A       56%         3
 Dispel Undead            Necr           4%         3d7       93%         4
 Fulminant Prism          Conj/Hex       2%         3d5       93%         4
 Yara's Violent Unravell  Hex/Tmut       2%         3d3       100%        5
 Enfeeble                 Hex            2%         N/A       100%        7


Dungeon Overview and Level Annotations

Branches:
Dungeon (6/15)              Sewer (visited)         Ossuary (visited)
 Temple: D:4-7

Altars:
Kikubaaqudgha

Annotations:
D:4 2 transporters


Message History

You sock the gnoll!
You kill the gnoll!
Things that are here:
a +0 whip; a +0 halberd; a gnoll corpse An ogre comes into view.
It is wielding a +0 giant club.
The ogre shouts!
The gnoll shouts!
There are monsters nearby!
Things that are here:
a +0 whip; a +0 halberd; a gnoll corpse You thump the gnoll!
The gnoll is heavily wounded.
The gnoll hits you with a +0 club.
You hit the gnoll.
The gnoll is almost dead.
The gnoll completely misses you.
You barely miss the gnoll.
The gnoll is almost dead.
The gnoll hits you but does no damage.
You closely miss the gnoll.
The gnoll is almost dead.
The gnoll closely misses you.
You thump the gnoll!
You kill the gnoll!
You hit the ogre.
The ogre is lightly wounded.
The ogre closely misses you.
You sock the ogre!
The ogre is severely wounded.
The ogre closely misses you.
You barely miss the ogre. You punch the ogre.
The ogre is severely wounded.
You hit the ogre.
The ogre is almost dead.
The ogre hits you with a +0 giant club!!
Ouch! That really hurt!
* * * LOW HITPOINT WARNING * * *
You hit the ogre.
The ogre is almost dead.
The ogre hits you with a +0 giant club!!
You die...

.......# #...# <......# #...#
. . .......####...# .#. ##
##.)..#......# .....
.............# #.#.
###.#.#......# ...
###.#.#####..## #.### ......#
###...####...# ##.####
#.......@O...# # #.#
#.#...#)####.#####.. #.#
#.##.##.####........ #.#
#.##.......#......# ##.#
#.#####.##.#...##. .
...######..............##.##.#
##...........................#
#.>.<...######....#รท#.##...
#..####.# ####.#.#.##.##


You could see an ogre.

Vanquished Creatures
  Grinder (D:5)
  3 water moccasins (D:6)
  An ice beast (D:3)
  A centaur (D:5)
  2 ogres (D:5)
  2 bullfrogs (D:6)
  3 scorpions
  A howler monkey (D:6)
  A centaur zombie (Ossuary)
  A human zombie (Ossuary)
  An orc priest (D:6)
  A hound (D:5)
  3 jellies
  6 iguanas
  A sleepcap (D:5)
  An orc wizard (D:6)
  4 ogre zombies (Ossuary)
  7 mummies (Ossuary)
  5 gnolls
  12 adders
  4 river rats
  A white imp (D:5)
  3 ufetubi (D:5)
  6 adder zombies (Ossuary)
  3 worms
  12 orcs
  9 endoplasms
  8 giant cockroaches
  2 gnoll zombies (Ossuary)
  7 goblins
  2 hobgoblins
  7 jackals
  8 quokkas
  14 ball pythons
  12 bats
  5 frilled lizards
  3 goblin zombies (Ossuary)
  2 hobgoblin zombies (Ossuary)
  9 kobolds
  2 kobold zombies (Ossuary)
  An orc zombie (Ossuary)
  2 quokka zombies (Ossuary)
  10 rats
  6 rat zombies (Ossuary)
195 creatures vanquished.

Vanquished Creatures (collateral kills)
  An adder (D:6)
  7 orcs
  A kobold (D:1)
9 creatures vanquished.

Vanquished Creatures (others)
  A sky beast (D:6)
  A hobgoblin (D:1)
2 creatures vanquished.

Grand Total: 206 creatures vanquished

Notes
Turn   | Place    | Note
-------+----------+-------------------------------------------
     0 | D:1      | H0rd4k the Human Artificer began the quest for the Orb.
     0 | D:1      | Reached XP level 1. HP: 15/15 MP: 1/1
   272 | D:1      | Reached XP level 2. HP: 15/21 MP: 2/2
   392 | D:1      | Found a faded altar of an unknown god.
   434 | D:1      | Reached XP level 3. HP: 9/26 MP: 3/3
   676 | D:1      | Reached skill level 1 in Maces & Flails
   988 | D:2      | Found an ancient bone altar of Kikubaaqudgha.
  1089 | D:2      | Reached XP level 4. HP: 21/32 MP: 4/4
  1597 | D:2      | Reached skill level 2 in Maces & Flails
  1927 | D:3      | Reached XP level 5. HP: 31/38 MP: 5/5
  2440 | D:3      | Noticed an ice beast
  2455 | D:3      | Killed an ice beast
  2456 | D:3      | Reached XP level 6. HP: 46/46 MP: 6/6
  3073 | D:4      | Found a transporter.
  3281 | D:4      | Found a glowing drain.
  3285 | Sewer    | Entered a sewer
  3738 | Sewer    | Reached skill level 1 in Short Blades
  3826 | Sewer    | Reached XP level 7. HP: 51/51 MP: 8/8
  4186 | Sewer    | Reached skill level 1 in Spellcasting
  4531 | D:4      | Found a transporter.
  4758 | D:5      | Entered Level 5 of the Dungeon
  4913 | D:5      | Found a sand-covered staircase.
  4939 | D:5      | Identified the +3 flail of Rucoc {pain, rElec rN+}
  5017 | Ossuary  | Entered an ossuary
  5304 | Ossuary  | Reached XP level 8. HP: 58/58 MP: 11/11
  5394 | Ossuary  | Reached skill level 3 in Maces & Flails
  5852 | D:5      | Reached skill level 4 in Maces & Flails
  6342 | D:5      | Reached skill level 5 in Maces & Flails
  6426 | D:5      | Noticed Grinder
  6431 | D:5      | Killed Grinder
  6432 | D:5      | Reached XP level 9. HP: 65/65 MP: 12/14
  6870 | D:6      | Reached skill level 6 in Maces & Flails
  7396 | D:6      | Reached skill level 7 in Maces & Flails
  7677 | D:6      | Slain by an ogre

Illustrated notes

Levels and vault maps discovered:
D:1:      giann_forest_graveyard, layout_loops_ring,
          shapermc_ecumenical_altar_mp_highgroup, minmay_misc_feat_rugged,
          amcnicky_mini_pool_small
D:2:      layout_basic, basic_altar, kennysheep_generic_room_6
D:3:      layout_loops_ring, dreamdust_princess_bridge
D:4:      gammafunk_wand_slinger, layout_cave_pools, gup_sewer_entry_spiral,
          minmay_statues_item
D:5:      layout_loops_ring, nicolae_ossuary_entry_false_entrances,
          kennysheep_small_circle, uniq_grinder
D:6:      minmay_spotlight, layout_loops_cross, nicolae_shop_gadgets

Skill      XL: |  1  2  3  4  5  6  7  8  9 |
---------------+----------------------------+-----
Maces & Flails | 1 2 5 7 |  7.2
Dodging        | 2 3 4 |  4.3
Fighting       | 2 3 4 |  4.5
Stealth        | 2 3 |  3.6
Short Blades   | 1 2 |  2.4
Spellcasting   | 2 3 4 |  4.1
Evocations     | 4 |  4.2
Throwing       | |  0.2
Armour         | |  2.0

Action                     |  1- 3 |  4- 6 |  7- 9 || total
---------------------------+-------+-------+-------++-------
  Melee: Club              |    32 |       |       ||    32
         Mace              |    68 |   102 |       ||   170
         Dagger            |       |   203 |    54 ||   257
         Punch             |       |     3 |     5 ||     8
         Flail             |       |       |   348 ||   348
  Throw: Dart              |       |       |     4 ||     4
  Evoke: Wand              |     6 |     7 |    16 ||    29
    Use: Potion            |       |     1 |     4 ||     5
   Stab: Sleeping          |     3 |     6 |     7 ||    16
         Betrayed ally     |       |     1 |       ||     1
 Armour: Leather armour    |    32 |    35 |       ||    67
         Skin              |       |     6 |       ||     6
         Ring mail         |       |   103 |   143 ||   246
  Dodge: Dodged            |    77 |   217 |   224 ||   518
